 Dungeon Crawl Stone Soup version 0.14-a0-155-gd989017 (webtiles) character file.

110 Malachi the Magician (level 2, -3/22 HPs)
             Began as a Troll Wizard on Oct 4, 2013.
             Slain by a hobgoblin
             ... wielding a +0,+0 orcish club
              (6 damage)
             ... on Level 1 of the Dungeon.
             The game lasted 00:01:20 (436 turns).

Malachi the Magician (Troll Wizard)                  Turns: 436, Time: 00:01:21

HP  -3/22        AC  5     Str 14      XL: 2   Next: 27%
MP   3/6         EV  9     Int 14      God:
Gold 96          SH  0     Dex  8      Spells:  1 memorised,  4 levels left

Res.Fire  : . . .   See Invis. : .   (no weapon)
Res.Cold  : . . .   Warding    : .   a - +0 robe
Life Prot.: . . .   Conserve   : .   (shield restricted)
Res.Poison: .       Res.Corr.  : .   b - +0 wizard hat
Res.Elec. : .       Clarity    : .   (no cloak)
Sust.Abil.: . .     Spirit.Shd : .   (gloves unavailable)
Res.Mut.  : .       Stasis     : .   (boots unavailable)
Res.Rott. : .       Flight     : .   (no amulet)
Gourmand  : +                        (no ring)
                                     (no ring)

@: very slightly contaminated, not resistant to hostile enchantments, unstealthy
A: unfitting armour, claws 3, fast metabolism 3, gourmand, regeneration 2,
saprovore 2, tough skin 2, AC +1
a: no special abilities


You were on level 1 of the Dungeon.
You were not hungry.

You visited 1 branch of the dungeon, and saw 1 of its levels.

You collected 76 gold pieces.

Inventory:

Armour
 a - a +0 robe (worn)
 b - a +0 wizard hat (worn)
Comestibles
 d - 2 meat rations
Scrolls
 e - a scroll of enchant armour {unknown}
 h - a scroll of curse weapon {unknown}
 j - 2 scrolls of remove curse {unknown}
 l - a scroll of enchant weapon II {unknown}
Potions
 f - a potion of beneficial mutation {unknown}
 g - a potion of brilliance {unknown}
 i - a potion of might {unknown}
 k - a potion of speed {unknown}
Books
 c - a book of Minor Magic

   Spells                             Type                      Level
   *Magic Dart                        Conjuration                  1
   Blink                              Translocation                2
   Call Imp                           Summoning                    2
   Repel Missiles                     Charms/Air                   2
   Slow                               Hexes                        2
   Conjure Flame                      Conjuration/Fire             3
   Mephitic Cloud                     Conjuration/Poison/Air       3


   Skills:
 + Level 1.6 Dodging
 + Level 1.2 Stealth
 * Level 0.2 Unarmed Combat
 * Level 2.2 Spellcasting
 * Level 0.8 Conjurations
   Level 0.6 Summonings
   Level 0.6 Translocations


You had 4 spell levels left.
You knew the following spells:

 Your Spells              Type           Power        Failure   Level  Hunger
a - Magic Dart            Conj           #...         21%         1    #......


Dungeon Overview and Level Annotations

Branches:
Dungeon (1/27)

Altars:


Innate Abilities, Weirdness & Mutations

You are too large for most types of armour.
You have claws for hands.
Your metabolism is lightning-fast.
You like to eat raw meat.
You heal very quickly.
You can eat rotten meat.
You are covered in fur (AC +1).
You have very tough skin (AC +2).


Message History

The hobgoblin barely misses you.
Casting: Magic Dart
Confirm with . or Enter, or press ? or * to list all spells.
Aiming: Magic Dart
Press: ? - help, Shift-Dir - straight line, f/p - jackal
Aim: a jackal The magic dart hits the jackal.
The jackal is moderately wounded.
The jackal barely misses you.
The jackal bites you but does no damage.
Casting: Magic Dart
Confirm with . or Enter, or press ? or * to list all spells.
Aiming: Magic Dart
Press: ? - help, Shift-Dir - straight line, f/p - jackal
Aim: a jackal (moderately wounded)
You miscast Magic Dart.
You are very lightly contaminated with residual magic.
Nothing appears to happen.
The hobgoblin hits you with an orcish club.
You die...

# #....#...## #.#......###
########...#...######.....<.##
.................##....##...#
###...).###..#........#####.#
# #.....# #..##.......# #.#
#.....# ###.####..### ##.#
####### ##..##.#.# ##..#
###..#....# #...# #....@###.#
#..## #...gh#...# #.##
#.....#...# #.#
#.........####.#
#..........#...#
#..........#...#######
..................>....
.##......#.############
#.......#.#


You could see a jackal and a hobgoblin.

Vanquished Creatures
  A giant gecko (D:1)
  3 bats (D:1)
  A hobgoblin (D:1)
  2 goblins (D:1)
  2 jackals (D:1)
  2 kobolds (D:1)
  A rat (D:1)
12 creatures vanquished.

Notes
Turn   | Place    | Note
--------------------------------------------------------------
     0 | D:1      | Malachi, the Troll Wizard, began the quest for the Orb.
     0 | D:1      | Reached XP level 1. HP: 14/14 MP: 5/5
   328 | D:1      | Reached XP level 2. HP: 22/22 MP: 6/6
   433 | D:1      | HP: 1/22 [hobgoblin/orcish club (3)]
   436 | D:1      | Slain by a hobgoblin

Action                   || total
-------------------------++-------
Melee: Unarmed           ||    46
 Cast: Magic Dart        ||     6
